 Dungeon Crawl Stone Soup version 0.31.0-9-g3a7656b989 (webtiles) character file.

Game seed: 3225672600440969247

117480 MacCMillion the Warrior (level 17, -9/135 HPs)
             Began as a Djinni Alchemist on Jan 28, 2024.
             Was the Champion of Makhleb.
             Mangled by a cacodemon (17 damage)
             ... summoned by the player character
             ... on level 1 of the Spider Nest.
             The game lasted 01:48:47 (28995 turns).

MacCMillion the Warrior (Djinni Alchemist)         Turns: 28995, Time: 01:48:48

Health: -9/135     AC:  5    Str:  7    XL:     17   Next: 29%
Gold:   2624       EV: 20    Int: 22    God:    Makhleb [******] SH:  6 Dex: 23

rFire   + . .        y - staff of alchemy
rCold   . . .        S - +0 buckler
rNeg    . . .        Q - +0 troll leather armour
rPois   ∞            (no helmet)
rElec   .            D - +0 cloak {Will+}
rCorr   .            T - +0 pair of gloves
SInv    .            (boots unavailable)
Will    ++...        V - amulet of regeneration
Stlth   +++          H - ring of ice
HPRegen 2.02/turn    U - +6 ring of dexterity
MPRegen 0.00/turn

%: infuse magic (-10 HP)
@: flying
A: sickness immunity, fire resistance 2, cold vulnerability 1, float, innate
caster, HP casting, extra vitality 1
a: Renounce Religion, Minor Destruction, Lesser Servant of Makhleb, Major
Destruction, Greater Servant of Makhleb


You were on level 1 of the Spider Nest.
You worshipped Makhleb.
Makhleb was exalted by your worship.
You visited 5 branches of the dungeon, and saw 24 of its levels.
You also visited: Sewer, Bailey and Volcano.

You collected 3239 gold pieces.
You spent 615 gold pieces at shops.

Inventory:

Armour
 D - a +0 cloak of willpower (worn)
 Q - a +0 troll leather armour (worn)
 S - a +0 buckler (worn)
 T - a +0 pair of gloves (worn)
Magical Staves
 y - a staff of alchemy (weapon)
Jewellery
 H - a ring of ice (left hand)
 R - a ring of see invisible
 U - a +6 ring of dexterity (right hand)
 V - an amulet of regeneration (around neck)
 Z - a ring of willpower
Wands
 m - a wand of mindburst (20)
 B - a wand of quicksilver (9)
 I - a wand of roots (12)
 J - a wand of charming (15)
 K - a wand of digging (11)
 O - a wand of flame (13)
Scrolls
 a - 2 scrolls of amnesia {unknown}
 c - 20 scrolls of teleportation {unknown}
 d - a scroll of silence {unknown}
 e - 17 scrolls of identify {unknown}
 f - 9 scrolls of poison {unknown}
 k - 2 scrolls of acquirement
 n - 4 scrolls of enchant weapon {unknown}
 o - 5 scrolls of revelation {unknown}
 u - 7 scrolls of blinking {unknown}
 v - 9 scrolls of fog
 w - 3 scrolls of torment {unknown}
 z - 4 scrolls of vulnerability {unknown}
 A - 6 scrolls of fear {unknown}
 C - 4 scrolls of noise {unknown}
 G - 2 scrolls of immolation {unknown}
 N - 4 scrolls of enchant armour {unknown}
 W - a scroll of butterflies {unknown}
 Y - a scroll of brand weapon {unknown}
Potions
 b - 5 potions of lignification {unknown}
 g - 2 potions of enlightenment {unknown}
 h - 5 potions of mutation {unknown}
 i - 10 potions of curing {unknown}
 j - 2 potions of might {unknown}
 l - a potion of ambrosia {unknown}
 p - 3 potions of resistance {unknown}
 q - 5 potions of heal wounds {unknown}
 r - a potion of cancellation {unknown}
 s - 5 potions of brilliance {unknown}
 t - 3 potions of magic {unknown}
 E - 5 potions of attraction {unknown}
 F - 2 potions of haste {unknown}
 L - 2 potions of degeneration {unknown}
 P - 3 potions of invisibility {unknown}
 X - a potion of berserk rage {unknown}
Miscellaneous
 x - a phantom mirror (inert)
 M - a phial of floods


   Skills:
 + Level 16.7 Fighting
 - Level 12.0 Dodging
 - Level 4.0 Stealth
 - Level 4.0 Shields
 * Level 15.4 Spellcasting
 * Level 15.4 Conjurations
 * Level 15.4 Hexes
   Level 0.0 Charms
 * Level 15.4 Summonings
 * Level 15.4 Necromancy
 * Level 15.4 Translocations
   Level 0.0 Transmutations
 * Level 15.4 Fire Magic
 * Level 15.4 Ice Magic
 * Level 15.4 Air Magic
 * Level 15.4 Earth Magic
 * Level 15.4 Alchemy
 - Level 10.0 Invocations


You knew the following spells:

 Your Spells              Type           Power      Damage    Failure   Level
a - Sting                 Conj/Alch      100%       1d9       0%          1
b - Mercury Vapours       Alch/Air       100%       N/A       1%          2
c - Mephitic Cloud        Conj/Alch/Air  91%        N/A       1%          3
d - Olgreb's Toxic Radia  Alch           91%        N/A       1%          4
e - Sticky Flame          Fire/Alch      91%        2d14      1%          4
f - Summon Small Mammal   Summ           100%       N/A       0%          1
g - Jinxbite              Hex            100%       N/A       1%          2
h - Hailstorm             Conj/Ice       91%        3d15      1%          3
i - Petrify               Alch/Erth      91%        N/A       1%          4
j - Manifold Assault      Tloc           71%        N/A       1%          4
k - Summon Mana Viper     Hex/Summ       71%        N/A       1%          5
l - Death Channel         Necr           35%        N/A       2%          6
m - Ozocubu's Refrigerat  Ice            45%        4d17      12%         7
Your spell library was empty.

Dungeon Overview and Level Annotations

Branches:
Dungeon (15/15)            Temple (1/1) D:7            Lair (5/5) D:8
 Shoals (0/4) Lair:3       Spider (1/4) Lair:3        Slime (0/5) Lair:4
    Orc (2/2) D:11            Elf (0/3) Orc:2        Vaults (0/5) D:13
 Depths (0/4) D:15          Sewer (visited)          Bailey (visited)
Volcano (visited)

Altars:
Ashenzari
Cheibriados
Dithmenos
Elyvilon
Fedhas
Gozag
Hepliaklqana
Makhleb
Nemelex Xobeh
Okawaru
Qazlal
Ru
Trog
Uskayaw
Wu Jian
Xom
Yredelemnul
Zin
The Shining One
Jiyva

Shops:
D:6 :   D:12 [   Orc:2 ((=(*(*

Portals:
Trove: D:12 (give 5 scrolls of fear)

Annotations:
D:2 Jessica, Sigmund
D:4 2 transporters, raetorn's ghost, novice DjFE
D:6 1 runed translucent door, Crazy Yiuf
D:13 1 runed translucent door
D:15 exclusion: skeletal warrior
Lair:2 3 runed translucent doors, dertzug's ghost, adept VSFi
Spider:1 Mlioglotl


Innate Abilities, Weirdness & Mutations

You are immune to sickness and miasma.
You are immune to poison.
Your flesh is very heat resistant. (rF++)
You are vulnerable to cold. (rC-)
You float through the air rather than walking.
You learn spells naturally, not from books.
Your magical power is your life essence.
You have superior vitality. (+4 MHP)


Message History

Your mana viper bites Mlioglotl but does no damage.
Mlioglotl misses you. Mlioglotl tramples you!!
You hold your ground!
Your mana viper bites Mlioglotl.
Mlioglotl hits you!
* * * LOW HITPOINT WARNING * * *
Mlioglotl tramples you!
* * * LOW HITPOINT WARNING * * *
You hold your ground!
There is a crawl-hole back to the Lair here.
Okay, then.
Aiming: Phantom Mirror
Press: ? - help, Dir - move target, f - Mlioglotl
Aim: Mlioglotl (heavily wounded, strong, ally target)
You reflect Mlioglotl with the mirror!
The mirror clouds!
Some rock shatters into small pieces.
Your mana viper bites Mlioglotl!!
Mlioglotl churns violently!
Mlioglotl corrupts the dungeon around him!
Mlioglotl misses your mana viper. Mlioglotl tramples your mana viper!!
Your mana viper stumbles backwards!
Casting: Summon Mana Viper (mildly dangerous; 1% risk of failure)
Confirm with . or Enter, or press ? or * to list all spells.
Aiming: Mephitic Cloud (safe; 1% risk of failure)
Press: ? - help, Shift-Dir - straight line, f - you, p - Mlioglotl
Okay, then.
Press: ? - help, v - describe, . - travel
Here: a cacodemon (summoned)
The floor.
A demon appears!
It doesn't seem very happy.
Your mana viper bites Mlioglotl but does no damage.
Mlioglotl hits your mana viper. Mlioglotl misses your mana viper.
Your mana viper bites Mlioglotl!
You can't go down here!
Mlioglotl hits your mana viper! Mlioglotl tramples your mana viper!
Your mana viper holds its ground!
Your mana viper dies!
Your mana viper disappears in a puff of smoke!
Mlioglotl churns violently!
Mlioglotl corrupts the dungeon around him!
The cacodemon hits you!
You die...

#.# #.#
#.# #.#
#.###
##§.#
#.X.#
#2X.#
#@.2#
#.#.x.#
#....X#
#.##..#
..#
..2$
..#
#....
#..
.##..
... ..
..


You could see Mlioglotl (strong, unaware, ally target), 2 cacodemons, the
friendly Mlioglotl (summoned, strong, drained), a friendly shadow demon
(summoned), a friendly thrashing horror (summoned, wandering) and a friendly
small abomination (summoned).

Vanquished Creatures
  A fire dragon (Volcano)
  3 hydras
  Harold (Orc:1)
  Erolcha (D:9)
  4 ogre magi (Orc:2)
  A deep troll earth mage (D:15)
  19 two-headed ogres
  4 boulder beetles
  A tengu warrior (D:14)
  A skyshark (Lair:3)
  A goliath frog (Lair:5)
  3 skeletal warriors (D:14)
  3 sixfirhies (D:11)
  Amaemon (D:8)
  An arcanist (D:14)
  4 lindwurms
  Pikel (D:5)
  2 orc knights
  3 cyclopes
  10 ugly things
  5 elephants
  A black mamba (shapeshifter) (D:13)
  4 black mambas
  3 gargoyles
  A cane toad (shapeshifter) (D:15)
  2 orange demons
  8 rime drakes
  4 cane toads
  5 kobold demonologists
  3 unseen horrors
  Psyche (D:9)
  2 komodo dragons
  An ice devil (D:11)
  6 trolls
  A hellwing (D:11)
  A tengu conjurer (D:14)
  3 hornets
  2 polar bears
  A queen bee (shapeshifter) (D:15)
  2 tyrant leeches (Lair:5)
  Grinder (D:5)
  15 blink frogs
  4 dream sheep (Lair:4)
  A raiju (shapeshifter) (D:13)
  3 slime creatures
  2 shadows (D:12)
  A ynoxinul (D:11)
  41 yaks
  4 wraiths
  A vampire (D:11)
  8 wyverns
  2 wargs
  5 basilisks
  A steam dragon (Volcano)
  2 chaos spawn (D:11)
  11 vampire mosquitoes
  2 acid dragons
  A swamp worm (Lair:1)
  3 water moccasins
  31 orc warriors
  3 sky beasts
  2 ice beasts
  A black bear (Lair:1)
  24 ogres
  A centaur (D:9)
  6 wolves
  5 boggarts (D:14)
  4 lemures (D:5)
  2 brain worms (Sewer)
  2 kobold brigands
  7 bullfrogs
  A scorpion (D:5)
  2 gnoll sergeants
  A scorpion (shapeshifter) (D:14)
  3 wights (D:8)
  7 killer bees (D:10)
  A howler monkey (D:9)
  20 electric eels
  2 quasits (D:11)
  8 crimson imps (D:8)
  5 hounds
  13 orc priests
  A bombardier beetle (D:7)
  2 jellies
  A gnoll bouda (D:6)
  2 sleepcaps
  2 iguanas
  23 orc wizards
  8 hell rats
  23 gnolls
  14 river rats
  8 adders
  2 shadow imps
  A white imp (D:7)
  75 orcs
  6 ball pythons
  6 bats
  3 endoplasms
  6 giant cockroaches
  11 goblins
  16 hobgoblins
  3 jackals (D:5)
  A quokka (D:4)
  6 frilled lizards
  18 kobolds
  13 rats
631 creatures vanquished.

Vanquished Creatures (collateral kills)
  A war gargoyle (D:15)
  8 hydras
  2 boulder beetles
  An ogre mage (D:15)
  2 two-headed ogres
  2 death yaks (Lair:3)
  A sun demon (D:11)
  A skyshark (Lair:2)
  2 skeletal warriors (D:14)
  A deep elf pyromancer (D:15)
  An orc knight (D:11)
  3 cyclopes
  6 ugly things
  Maurice (Orc:2)
  4 manticores
  7 elephants
  A merfolk siren (Lair:3)
  A rust devil (D:11)
  3 smoke demons (Volcano)
  2 black mambas
  16 cane toads
  An unseen horror (D:12)
  2 guardian serpents (D:15)
  4 rime drakes
  7 komodo dragons
  A kobold demonologist (D:12)
  A tengu conjurer (D:13)
  A freezing wraith (D:15)
  A red devil (D:11)
  A troll (D:12)
  2 polar bears
  A tyrant leech (Lair:5)
  10 blink frogs
  3 dream sheep (Lair:4)
  5 slime creatures
  A wyvern (Lair:3)
  3 water elementals
  9 yaks
  2 steam dragons
  7 vampire mosquitoes
  4 basilisks
  A neqoxec (D:11)
  An acid dragon (D:12)
  11 water moccasins
  3 swamp worms (Lair:1)
  A laughing skull (D:15)
  2 wolves (Lair:3)
  A kobold brigand (D:12)
  6 bullfrogs
  3 quasits (D:11)
  An orc wizard (D:13)
  3 endoplasms (Lair:4)
165 creatures vanquished.

Vanquished Creatures (others)
  A human (D:3)
1 creature vanquished.

Grand Total: 797 creatures vanquished

Notes
Turn   | Place    | Note
-------+----------+-------------------------------------------
     0 | D:1      | MacCMillion the Djinni Alchemist began the quest for the
                  | Orb.
     0 | D:1      | MacCMillion set off with the following spells memorised:
                  | Sting, Mercury Vapours, Mephitic Cloud, Olgreb's Toxic
                  | Radiance, Sticky Flame.
     0 | D:1      | Reached XP level 1. HP: 15/15 MP: 0/0
   263 | D:1      | Reached XP level 2. HP: 20/21 MP: 0/0
   619 | D:2      | Noticed Sigmund
   845 | D:2      | Noticed Jessica
   872 | D:2      | Reached XP level 3. HP: 24/25 MP: 0/0
   872 | D:2      | Learned a level 1 spell: Summon Small Mammal
  1127 | D:2      | Found a faded altar of an unknown god.
  1454 | D:3      | Reached XP level 4. HP: 31/31 MP: 0/0
  1531 | D:3      | Found a glowing drain.
  1684 | Sewer    | Entered a sewer
  1792 | Sewer    | Reached XP level 5. HP: 33/35 MP: 0/0
  1792 | Sewer    | Learned a level 2 spell: Jinxbite
  1943 | Sewer    | Noticed a brain worm
  1952 | Sewer    | Killed a brain worm
  2050 | Sewer    | Reached XP level 6. HP: 35/40 MP: 0/0
  2468 | D:3      | Identified the +6 hand axe "Mihoiwiu" {heavy, rC+ Dex+2}
  2470 | D:3      | Noticed a human
  2471 | D:3      | Killed a human
  3764 | D:4      | Found a transporter.
  3766 | D:4      | Noticed raetorn's ghost (novice DjFE)
  3771 | D:4      | Found a transporter.
  4027 | D:4      | Reached XP level 7. HP: 43/45 MP: 0/0
  4027 | D:4      | Learned a level 3 spell: Hailstorm
  4285 | D:5      | Entered Level 5 of the Dungeon
  4288 | D:5      | Reached skill level 5 in Spellcasting
  4288 | D:5      | Reached skill level 5 in Conjurations
  4288 | D:5      | Reached skill level 5 in Hexes
  4288 | D:5      | Reached skill level 5 in Summonings
  4288 | D:5      | Reached skill level 5 in Necromancy
  4288 | D:5      | Reached skill level 5 in Translocations
  4288 | D:5      | Reached skill level 5 in Fire Magic
  4288 | D:5      | Reached skill level 5 in Ice Magic
  4288 | D:5      | Reached skill level 5 in Air Magic
  4288 | D:5      | Reached skill level 5 in Earth Magic
  4288 | D:5      | Reached skill level 5 in Alchemy
  4477 | D:5      | Noticed Grinder
  4506 | D:5      | Paralysed by Grinder for 4 turns
  4514 | D:5      | Killed Grinder
  4823 | D:5      | Reached XP level 8. HP: 43/50 MP: 0/0
  5539 | D:5      | Noticed Pikel
  5608 | D:5      | Killed Pikel
  5843 | D:6      | Found a runed translucent door.
  5844 | D:6      | Noticed Crazy Yiuf
  6048 | D:6      | Reached XP level 9. HP: 48/55 MP: 0/0
  6048 | D:6      | Learned a level 4 spell: Petrify
  6147 | D:6      | Found a hazy altar of Hepliaklqana.
  6178 | D:6      | Found an iron altar of Okawaru.
  6179 | D:6      | Found a snail-covered altar of Cheibriados.
  6180 | D:6      | Found a shadowy altar of Dithmenos.
  6180 | D:6      | Found a broken altar of Ashenzari.
  6180 | D:6      | Found a basalt altar of Yredelemnul.
  6181 | D:6      | Found a glowing golden altar of the Shining One.
  6182 | D:6      | Found a hide-covered altar of Uskayaw.
  6183 | D:6      | Found a sacrificial altar of Ru.
  6271 | D:6      | Reached skill level 1 in Fighting
  6389 | D:6      | Reached skill level 2 in Fighting
  6731 | D:6      | Found Bir Siwk's Vocational Training.
  7005 | D:7      | Reached skill level 5 in Dodging
  7461 | D:7      | Reached skill level 3 in Fighting
  7840 | D:7      | Found a staircase to the Ecumenical Temple.
  7852 | Temple   | Entered the Ecumenical Temple
  7865 | Temple   | Became a worshipper of Makhleb the Destroyer
  8004 | D:7      | Found a white marble altar of Elyvilon.
  8322 | D:8      | Found a staircase to the Lair.
  8330 | D:8      | Reached skill level 4 in Fighting
  8330 | D:8      | Reached XP level 10. HP: 61/67 MP: 0/0
  8523 | D:8      | Reached skill level 5 in Fighting
  8706 | D:8      | Noticed Amaemon
  8707 | D:8      | Noticed an orange demon
  8990 | D:8      | Reached * piety under Makhleb
  9539 | D:8      | Killed Amaemon
  9551 | D:8      | Killed an orange demon
  9552 | D:8      | Reached skill level 6 in Fighting
  9963 | D:9      | Reached XP level 11. HP: 73/78 MP: 0/0
  9963 | D:9      | Learned a level 4 spell: Manifold Assault
 10069 | D:9      | Noticed Erolcha
 10087 | D:9      | Killed Erolcha
 10088 | D:9      | Reached skill level 7 in Fighting
 10123 | D:9      | Identified the +7 whip "Waeqyc Ripa" {freeze, rPois rN+
                  | MP+9 Dex+3}
 10304 | D:9      | Reached ** piety under Makhleb
 10380 | D:9      | Reached skill level 10 in Spellcasting
 10380 | D:9      | Reached skill level 10 in Conjurations
 10380 | D:9      | Reached skill level 10 in Hexes
 10380 | D:9      | Reached skill level 10 in Summonings
 10380 | D:9      | Reached skill level 10 in Necromancy
 10380 | D:9      | Reached skill level 10 in Translocations
 10380 | D:9      | Reached skill level 10 in Fire Magic
 10380 | D:9      | Reached skill level 10 in Ice Magic
 10380 | D:9      | Reached skill level 10 in Air Magic
 10380 | D:9      | Reached skill level 10 in Earth Magic
 10380 | D:9      | Reached skill level 10 in Alchemy
 10418 | D:9      | Found a flagged portal.
 10491 | Bailey   | Entered a bailey
 10593 | Bailey   | Noticed an orc knight
 10612 | Bailey   | Killed an orc knight
 10674 | Bailey   | Reached skill level 8 in Fighting
 11225 | Bailey   | Found an iron altar of Okawaru.
 11226 | Bailey   | Reached *** piety under Makhleb
 11234 | Bailey   | Reached skill level 10 in Dodging
 11666 | D:9      | Noticed a two-headed ogre
 11683 | D:9      | Killed a two-headed ogre
 11684 | D:9      | Reached XP level 12. HP: 81/88 MP: 0/0
 11862 | D:9      | Noticed Psyche
 11869 | D:9      | Killed Psyche
 12117 | D:10     | Entered Level 10 of the Dungeon
 12387 | D:10     | Noticed a two-headed ogre
 12404 | D:10     | Killed a two-headed ogre
 12533 | D:10     | Reached skill level 9 in Fighting
 13586 | D:10     | Noticed a two-headed ogre
 13603 | D:10     | Killed a two-headed ogre
 14267 | D:11     | Noticed a sixfirhy
 14282 | D:11     | Killed a sixfirhy
 14389 | D:11     | Reached skill level 10 in Fighting
 14567 | D:11     | Noticed a sixfirhy
 14581 | D:11     | Killed a sixfirhy
 14602 | D:11     | Noticed a sixfirhy
 14611 | D:11     | Killed a sixfirhy
 14612 | D:11     | Reached XP level 13. HP: 58/96 MP: 0/0
 14612 | D:11     | Learned a level 5 spell: Summon Mana Viper
 14659 | D:11     | Reached **** piety under Makhleb
 14741 | D:11     | Found a stormy altar of Qazlal.
 14960 | D:11     | Found a staircase to the Orcish Mines.
 15254 | D:11     | Reached skill level 11 in Fighting
 15669 | Lair:1   | Entered Level 1 of the Lair of Beasts
 15746 | Orc:1    | Entered Level 1 of the Orcish Mines
 15775 | Orc:1    | Noticed Harold
 15794 | Orc:1    | Killed Harold
 15943 | Orc:1    | Reached ***** piety under Makhleb
 16237 | Orc:2    | Entered Level 2 of the Orcish Mines
 16298 | Orc:2    | Noticed Maurice
 16308 | Orc:2    | Killed Maurice
 16335 | Orc:2    | Found a staircase to the Elven Halls.
 16487 | Orc:2    | Found Hodux's Weapon Shop.
 16545 | Orc:2    | Noticed an ogre mage
 16552 | Orc:2    | Reached skill level 12 in Fighting
 16553 | Orc:2    | Noticed an ogre mage
 16559 | Orc:2    | Noticed an ogre mage
 16560 | Orc:2    | Killed an ogre mage
 16561 | Orc:2    | Noticed an ogre mage
 16562 | Orc:2    | Reached XP level 14. HP: 108/108 MP: 0/0
 16573 | Orc:2    | Reached skill level 13 in Fighting
 16746 | Orc:2    | Found Bimaub's Jewellery Shoppe.
 16746 | Orc:2    | Found Puint's Assorted Antiques.
 16747 | Orc:2    | Found Niurphir's Antique Weapon Shop.
 16747 | Orc:2    | Found Beobaps's Weapon Shoppe.
 16758 | Orc:2    | Bought an amulet of regeneration for 480 gold pieces
 16816 | Orc:2    | Reached skill level 1 in Invocations
 16913 | Orc:2    | Found Sonearr's Antique Weapon Shoppe.
 17079 | Orc:2    | Found Negof's Assorted Antiques.
 17341 | Orc:2    | Bought a tubular moonstone ring for 135 gold pieces
 18745 | Lair:2   | Found a runed translucent gate.
 18745 | Lair:2   | Found a runed translucent gate.
 18747 | Lair:2   | Noticed dertzug's ghost (adept VSFi)
 18749 | Lair:2   | Found a runed translucent gate.
 19328 | Lair:3   | Reached skill level 14 in Fighting
 19443 | Lair:3   | Found a staircase to the Shoals.
 19768 | Lair:3   | Found a hole to the Spider Nest.
 20008 | Lair:3   | Reached ****** piety under Makhleb
 20009 | Lair:3   | Reached XP level 15. HP: 117/117 MP: 0/0
 20009 | Lair:3   | Learned a level 6 spell: Death Channel
 20283 | Lair:3   | Reached skill level 5 in Invocations
 20727 | Lair:3   | Found a hole to the Spider Nest.
 20847 | Lair:3   | Found a staircase to the Shoals.
 21640 | Lair:4   | Found a viscous altar of Jiyva.
 21641 | Lair:4   | Found a staircase to the Slime Pits.
 22423 | Lair:5   | Entered Level 5 of the Lair of Beasts
 22483 | Lair:5   | Reached skill level 15 in Fighting
 22732 | Lair:5   | Reached XP level 16. HP: 121/126 MP: 0/0
 22923 | Lair:5   | Found a dark tunnel.
 22931 | Volcano  | Entered a volcano
 24191 | D:11     | Found a stormy altar of Qazlal.
 24331 | D:11     | Found a staircase to the Orcish Mines.
 24812 | D:12     | Reached skill level 1 in Shields
 25261 | D:12     | Found Yegara's Dragon-Slaying Spoils.
 25568 | D:12     | Found a portal to a secret trove of treasure.
 25801 | D:13     | Found a gate to the Vaults.
 25925 | D:13     | Identified the +2 leather armour of Honour {rPois rCorr
                  | Slay-5 Stlth+}
 26137 | D:13     | Reached skill level 16 in Fighting
 26241 | D:13     | Found a runed translucent door.
 27604 | D:14     | Reached skill level 15 in Spellcasting
 27604 | D:14     | Reached skill level 15 in Conjurations
 27604 | D:14     | Reached skill level 15 in Hexes
 27604 | D:14     | Reached skill level 15 in Summonings
 27604 | D:14     | Reached skill level 15 in Necromancy
 27604 | D:14     | Reached skill level 15 in Translocations
 27604 | D:14     | Reached skill level 15 in Fire Magic
 27604 | D:14     | Reached skill level 15 in Ice Magic
 27604 | D:14     | Reached skill level 15 in Air Magic
 27604 | D:14     | Reached skill level 15 in Earth Magic
 27604 | D:14     | Reached skill level 15 in Alchemy
 27712 | D:14     | Reached XP level 17. HP: 125/134 MP: 0/0
 27712 | D:14     | Learned a level 7 spell: Ozocubu's Refrigeration
 27811 | D:15     | Entered Level 15 of the Dungeon
 27824 | D:15     | Reached skill level 10 in Invocations
 28294 | D:15     | Found a staircase to the Depths.
 28974 | Spider:1 | Entered Level 1 of the Spider Nest
 28974 | Spider:1 | Noticed Mlioglotl
 28995 | Spider:1 | Mangled by a cacodemon

Illustrated notes

Levels and vault maps discovered:
D:1:      dpeg_arrival_shelter, layout_basic, hangedman_decor_growths,
          hangedman_decor_lopped, solitary_fountain, minmay_tetromino_l2
D:2:      layout_rooms, dreamdust_ecumenical_altar_angels_and_demons,
          uniq_jessica, uniq_sigmund
D:3:      layout_loops_ring, tgw_kikubaaqudgha, portal_sewer_entry_b
D:4:      layout_layer_cave, gammafunk_ghost_mausoleum
D:5:      layout_loops_ring, uniq_grinder, uniq_pikel
D:6:      layout_basic, minitemple, nicolae_shop_vocational,
          uniq_crazy_yiuf_cottage
D:7:      layout_cave_pools, elyvilon_altar_3, minmay_temple_entry_offerings
D:8:      layout_loops_ring, erik_lair_orcish_takeover, minmay_nine_imps,
          uniq_amaemon
D:9:      layout_basic, enter_bailey_2, minmay_chambers_of_fives, uniq_psyche,
          uniq_erolcha
D:10:     minmay_razor_zed, layout_loops_corners
D:11:     cheibrodos_orc_bank, layout_irregular_city,
          minmay_orc_entry_guard_dogs, serial_demonic, serial_demonic_g,
          serial_demonic_d, serial_demonic_g, serial_demonic_a,
          serial_demonic_d, serial_demonic_e, serial_demonic_b,
          serial_demonic_b, nicolae_qazlal_style_of_elements
D:12:     layout_basic, enter_trove_3, nicolae_shop_dragon_depot, drop_trap,
          minmay_microvault
D:13:     layout_roguey, david_vaults_4, nicolae_danse_macabre
D:14:     layout_roguey [special_room_mythical_zoo], serial_park_fountain
D:15:     hellmonk_depths_entry_around_the_bend, layout_loops_ring,
          serial_bayou_shore_b, grunt_ministairs_5,
          nrook_guardian_serpent_double, uniq_louise
Temple:   nicolae_temple_ecumenical_triangle
Lair:1:   layout_roguey, worms_lemuel, serial_bayou_shore_a,
          infiniplex_staircase_pool_2
Lair:2:   layout_gridlike, ebering_ghost_rock_garden, serial_forest,
          infiniplex_forest_lined_ring, infiniplex_forest_lined_ring,
          infiniplex_forest_clump_diagonal, infiniplex_forest_lined_room_2,
          infiniplex_forest_clump_cross, infiniplex_forest_clump_small,
          infiniplex_forest_end_double, infiniplex_forest_end_2,
          kennysheep_rathole, lemuel_fruit_tree
Lair:3:   layout_chaotic_city, minmay_shoals_entry_lonely_mermaid,
          dummy_spider_entry, nzn_random_ring, grunt_megastairs_5
Lair:4:   layout_loops_ring, slime_entry_2, grunt_megastairs_4
Lair:5:   minmay_lair_end_frog_pond, layout_regular_city, enter_volcano_2,
          minmay_lair_drake_nest
Spider:1: nicolae_spider_hilbert_zone_2 [nicolae_spider_hilbert_4_sides_1_open,
          nicolae_spider_hilbert_4_sides_1_open,
          nicolae_spider_hilbert_4_sides_1_open,
          nicolae_spider_hilbert_4_sides_1_open,
          nicolae_spider_hilbert_6_sides_1_open,
          nicolae_spider_hilbert_6_sides_1_open,
          nicolae_spider_hilbert_3_sides_1_open,
          nicolae_spider_hilbert_3_sides_1_open,
          nicolae_spider_hilbert_3_sides_1_open,
          nicolae_spider_hilbert_3_sides_1_open,
          nicolae_spider_hilbert_6_sides_1_open,
          nicolae_spider_hilbert_6_sides_1_open,
          nicolae_spider_hilbert_6_sides_1_open,
          nicolae_spider_hilbert_6_sides_1_open], spiders_nest_hornet_nest,
          uniq_asterion, uniq_azrael, uniq_mlioglotl
Orc:1:    layout_diamond_mine, uniq_harold
Orc:2:    st_orc_ogre_mass, layout_caves, serial_shops, nicolae_lakefront_shop,
          shop, nicolae_shop_window_shopping, uniq_maurice

Skill      XL: |  1  2  3  4  5  6  7  8  9 10 11 12 13 14 15 16 17 |
---------------+----------------------------------------------------+-----
Stealth        | 2 3 4 |  4.0
Dodging        | 3 4 6 8 10 11 12 | 12.0
Spellcasting   | 4 6 8 9 10 11 12 13 14 15 | 15.4
Conjurations   | 4 6 8 9 10 11 12 13 14 15 | 15.4
Hexes          | 4 6 8 9 10 11 12 13 14 15 | 15.4
Summonings     | 4 6 8 9 10 11 12 13 14 15 | 15.4
Necromancy     | 4 6 8 9 10 11 12 13 14 15 | 15.4
Translocations | 4 6 8 9 10 11 12 13 14 15 | 15.4
Fire Magic     | 4 6 8 9 10 11 12 13 14 15 | 15.4
Ice Magic      | 4 6 8 9 10 11 12 13 14 15 | 15.4
Air Magic      | 4 6 8 9 10 11 12 13 14 15 | 15.4
Earth Magic    | 4 6 8 9 10 11 12 13 14 15 | 15.4
Alchemy        | 4 6 8 9 10 11 12 13 14 15 | 15.4
Fighting       | 4 6 8 10 12 14 15 16 | 16.7
Invocations    | 4 7 9 10 | 10.0
Shields        | 4 |  4.0

Action                     |  1- 3 |  4- 6 |  7- 9 | 10-12 | 13-15 | 16-18 || total
---------------------------+-------+-------+-------+-------+-------+-------++-------
  Melee: Unarmed           |     3 |       |       |       |       |       ||     3
         Staff             |       |       |     6 |    19 |    27 |     8 ||    60
   Cast: Sting             |    45 |    86 |    66 |    45 |    15 |       ||   257
         Mephitic Cloud    |       |     4 |     3 |    16 |    60 |    20 ||   103
         Olgreb's Toxic Ra |       |     2 |    37 |   108 |   173 |    90 ||   410
         Summon Small Mamm |       |       |     4 |     2 |     1 |       ||     7
         Hailstorm         |       |       |     1 |     5 |     1 |     5 ||    12
         Sticky Flame      |       |       |    15 |    59 |    48 |    70 ||   192
         Petrify           |       |       |    11 |    30 |    34 |     2 ||    77
         Manifold Assault  |       |       |       |     2 |       |       ||     2
         Summon Mana Viper |       |       |       |       |    79 |    65 ||   144
         Death Channel     |       |       |       |       |     7 |    15 ||    22
         Ozocubu's Refrige |       |       |       |       |       |     5 ||     5
 Invoke: Lesser Servant of |       |       |       |     1 |       |       ||     1
         Major Destruction |       |       |       |       |       |     7 ||     7
         Greater Servant o |       |       |       |       |       |     2 ||     2
  Evoke: Wand              |       |       |       |       |     2 |     3 ||     5
         Phantom mirror    |       |       |       |       |       |     1 ||     1
   Stab: Petrified         |       |       |     1 |     4 |     2 |       ||     7
         Confused          |       |       |       |     2 |     2 |       ||     4
         Distracted        |       |       |       |       |     1 |       ||     1
 Armour: Robe              |    16 |    19 |    18 |    46 |       |       ||    99
         Troll leather arm |       |       |       |    18 |    85 |    73 ||   176
  Dodge: Dodged            |    12 |    32 |    25 |   105 |   137 |    68 ||   379
  Block: Buckler           |       |       |       |       |       |    20 ||    20
